 Dungeon Crawl Stone Soup version 0.17-a0-1011-gfa70bdd (webtiles) character file.

63 krabocopter the Slasher (level 3, -2/31 HPs)
             Began as a Draconian Fighter on May 13, 2015.
             Slain by Sigmund
             ... wielding a +0 scythe
              (14 damage)
             ... on level 2 of the Dungeon.
             The game lasted 00:04:18 (742 turns).

krabocopter the Slasher (Draconian Fighter)          Turns: 742, Time: 00:04:19

Health: -2/31      AC:  8    Str: 28    XL:     3   Next: 87%
Magic:  8/12       EV: 10    Int:  8    God:
Gold:   34         SH: 10    Dex: 11    Spells: 0 memorised, 2 levels left

rFire  . . .     SeeInvis .     a - +0 long sword
rCold  . . .     Clarity  .     (armour unavailable)
rNeg   . . .     SustAb   .     b - +0 shield
rPois  .         Gourm    .     (helmet restricted)
rElec  .         Spirit   .     (no cloak)
rCorr  .         Warding  .     p - +2 pair of gloves
rMut   .         Stasis   .     (no boots)
MR     .....                    (no amulet)
Stlth  +.........               q - +5 ring of strength
                                w - ring of magical power

@: mighty, not resistant to hostile enchantments, very unstealthy
A: unfitting armour, cold-blooded, AC +5
a: no special abilities


You were on level 2 of the Dungeon.
You were not hungry.

You visited 1 branch of the dungeon, and saw 2 of its levels.

You collected 34 gold pieces.

Inventory:

Hand weapons
 a - a +0 long sword (weapon)
 s - a cursed +0 dagger
 u - a +0 hand axe of holy wrath
Armour
 b - a +0 shield (worn)
 p - a +2 pair of gloves (worn)
Jewellery
 f - an uncursed ring of poison resistance
 q - a +5 ring of strength (right hand)
 w - a ring of magical power (left hand)
Magical devices
 v - a wand of digging (14)
Scrolls
 g - a scroll of random uselessness {unknown}
 h - a scroll of blinking {unknown}
 i - a scroll of noise {unknown}
 j - a scroll of amnesia {unknown}
 l - a scroll of enchant armour {unknown}
 o - a scroll of remove curse {unknown}
 r - a scroll of fear {unknown}
Potions
 e - a potion of agility {unknown}
 n - a potion of curing {unknown}
Comestibles
 d - 3 bread rations
 k - 3 fruits
 m - a beef jerky
 t - 3 chunks of flesh


   Skills:
 - Level 3.2 Fighting
 + Level 4.2 Long Blades
 - Level 2.6 Dodging
 - Level 3.0 Shields


You had 2 spell levels left.
You didn't know any spells.

Dungeon Overview and Level Annotations

Branches:
Dungeon (2/15)

Altars:
Cheibriados
Ru

Annotations:
D:2 Sigmund


Innate Abilities, Weirdness & Mutations

Your plain brown scales are hard (AC +5).
Your body does not fit into most forms of armour.
You are cold-blooded and may be slowed by cold attacks.


Message History

Sigmund flickers and vanishes!
Deactivating autopickup; reactivate with Ctrl-A.
You block the kobold's attack. The rat closely misses you.
You barely miss something. The goblin hits you with a dagger.
Something hits you. You block the rat's attack. The kobold barely misses you.
Drink which item? (? for menu, Esc to quit)
You feel very mighty all of a sudden. The goblin completely misses you.
The rat misses you. The kobold barely misses you.
You hear some strange, mumbled words.
A magic dart appears from out of thin air!
The magic dart hits you!
You closely miss something. You tail-slap something.
The goblin hits you with a dagger. The rat barely misses you.
You block the kobold's attack. You block its attack.
You block the goblin's attack.
You hit something. You tail-slap something!
The rat bites you but does no damage. The kobold closely misses you.
You block the goblin's attack. Something hits you!
You die...

#.# #.# ####.######.
#...........
#...........
#...........
#...........
#...gK.....r
#..)@{g..... ..
#....r......
#.#...........
#............. #######
##...........% ......#
#.###.#######
......######(.##.##
......##....#.....#
...(..##....#.....#####


You could see 2 goblins, a kobold and 2 rats.

Vanquished Creatures
  Terence (D:2)
  An ooze (D:1)
  A worm (D:2)
  4 giant cockroaches
  2 goblins (D:1)
  A hobgoblin (D:1)
  4 kobolds
  A quokka (D:2)
  6 bats
  2 giant newts
  6 jackals
  A rat (D:2)
30 creatures vanquished.

Notes
Turn   | Place    | Note
--------------------------------------------------------------
     0 | D:1      | krabocopter the Draconian Fighter began the quest for the Orb.
     0 | D:1      | Reached XP level 1. HP: 19/19 MP: 1/1
     9 | D:1      | Found a snail-covered altar of Cheibriados.
   288 | D:1      | Reached XP level 2. HP: 26/26 MP: 2/2
   544 | D:2      | Found a sacrificial altar of Ru.
   618 | D:2      | Reached XP level 3. HP: 28/31 MP: 3/3
   623 | D:2      | Noticed Terence
   637 | D:2      | Killed Terence
   637 | D:2      | Reached skill level 4 in Long Blades
   726 | D:2      | Noticed Sigmund
   742 | D:2      | Slain by Sigmund

Vault maps used:
D:1:      lightli_arrival_chessboard, cheibriados_altar_1
D:2:      serial_glass, glass_columns_a, glass_columns_c,
          nicolae_ru_awakened_eye, uniq_sigmund, uniq_terence

Action                   || total
-------------------------++-------
Melee: Long sword        ||   112
  Use: Potion            ||     1
 Stab: Sleeping          ||     1
